 Dungeon Crawl Stone Soup version 0.29.1-1-gd02db6906a (webtiles) character file.

Game seed: 3596158122862399588

95 xian the Trooper (level 4, -1/41 HPs)
             Began as a Hill Orc Abyssal Knight on Oct 14, 2022.
             Was a Priest of Lugonu.
             Slain by Natasha (8 damage)
             ... on level 2 of the Dungeon.
             The game lasted 00:04:12 (1939 turns).

xian the Trooper (Hill Orc Abyssal Knight)          Turns: 1939, Time: 00:04:12

Health: -1/41      AC:  4    Str: 17    XL:     4   Next: 66%
Magic:  6/6        EV: 11    Int: 10    God:    Lugonu [***...]
Gold:   94         SH:  0    Dex: 11    Spells: 3/3 levels left

rFire   . . .      SeeInvis .   a - +1 hand axe
rCold   . . .      Faith    .   (no shield)
rNeg    . . .      Spirit   .   b - +0 leather armour
rPois   .          Reflect  .   e - +1 hat
rElec   .          Harm     .   (no cloak)
rCorr   .          Rampage  .   (no gloves)
Will    .....                   (no boots)
Stlth   +.........              g - amulet of the acrobat
HPRegen 0.13/turn               (no ring)
MPRegen 0.10/turn               (no ring)

@: slowed, very slow
A: no striking features
a: Renounce Religion, Depart the Abyss, Bend Space, Banish


You were on level 2 of the Dungeon.
You worshipped Lugonu.
Lugonu was most pleased with you.
You visited 1 branch of the dungeon, and saw 2 of its levels.
You visited the Abyss 1 time.

You collected 94 gold pieces.

Inventory:

Hand Weapons
 a - a +1 hand axe (weapon)
Missiles
 q - 4 poisoned darts (quivered)
Armour
 b - a +0 leather armour (worn)
 e - a +1 hat (worn)
Jewellery
 g - an amulet of the acrobat (around neck)
Scrolls
 d - 2 scrolls of identify {unknown}
 h - a scroll of enchant armour {unknown}
 i - a scroll of vulnerability {unknown}
 k - 2 scrolls of fear {unknown}
 m - 3 scrolls of blinking {unknown}
 n - a scroll of magic mapping {unknown}
 o - a scroll of brand weapon {unknown}
 p - a scroll of enchant weapon {unknown}
Potions
 c - 2 potions of heal wounds {unknown}
 f - a potion of might {unknown}
 j - 3 potions of curing {unknown}
 l - 2 potions of resistance {unknown}


   Skills:
 + Level 4.8 Fighting
 + Level 4.5 Axes
 + Level 2.3 Armour
 + Level 1.1 Dodging
 + Level 0.3 Stealth
 * Level 2.8 Invocations


You had 3 spell levels left.
You didn't know any spells.
Your spell library contained the following spells:

 Spells                   Type           Power      Damage    Failure   Level
 Foxfire                  Conj/Fire      0%         2x1d4     41%         1
 Ensorcelled Hibernation  Hex/Ice        0%         N/A       56%         2
 Sublimation of Blood     Necr           0%         N/A       56%         2
 Call Canine Familiar     Summ           0%         N/A       80%         3
 Conjure Flame            Conj/Fire      0%         6-21      80%         3
 Inner Flame              Hex/Fire       0%         N/A       80%         3
 Portal Projectile        Hex/Tloc       0%         N/A       80%         3
 Spider Form              Tmut/Pois      0%         N/A       80%         3
 Anguish                  Hex/Necr       0%         N/A       99%         4
 Flame Wave               Conj/Fire      0%         2d4       99%         4
 Leda's Liquefaction      Hex/Erth       0%         N/A       99%         4
 Petrify                  Tmut/Erth      0%         N/A       99%         4
 Irradiate                Conj/Tmut      0%         3d11      100%        5


Dungeon Overview and Level Annotations

Branches:
Dungeon (2/15)

Altars:

Annotations:
D:2 Natasha


Message History

Natasha closely misses you.
You hit Natasha.
Natasha is severely wounded.
Natasha closely misses you.
Natasha stares at you and mumbles some strange words.
You feel as though you will be slow longer.
You closely miss Natasha.
Natasha is heavily wounded.
Natasha wildly gestures.
You feel disoriented. Natasha closely misses you. Natasha claws you.
Unknown command.
You barely miss Natasha.
Natasha is heavily wounded.
Natasha stares at you and mumbles some strange words.
The magic dart hits you.
You closely miss Natasha.
Natasha is heavily wounded.
Natasha claws you.
* * * LOW HITPOINT WARNING * * *
Natasha misses you.
You hit Natasha.
Natasha is severely wounded.
Natasha barely misses you.
You hit Natasha.
Natasha is almost dead.
Natasha mumbles some strange words.
Natasha stares at you and mumbles some strange words.
You resist with some effort.
Unknown command.
You hit Natasha but do no damage.
Natasha is almost dead.
Natasha claws you.
* * * LOW HITPOINT WARNING * * *
The crimson imp blinks!
Natasha closely misses you.
You closely miss Natasha.
Natasha is almost dead.
The crimson imp grinds its teeth.
Natasha claws you!
You die...

##### ##...## ##.....##
# #.......# # .
#.......# # ...
#.......# # .
.#.#.#########.....## #
.....5h@...........## ##
.#.#.########.......###.
... #..............
##### ####.##.......####
#######...#
#....###.....## ##
........#<#
#.######....## ##.
#########.######)#
#..#### #.. ....#
#........## #.## #.#
###.## #######...# #.#
##†#


You could see Natasha and a crimson imp (summoned).

Vanquished Creatures
  Terence (D:2)
  An adder (D:2)
  2 worms (D:2)
  3 dart slugs
  7 endoplasms
  A giant cockroach (D:1)
  2 goblins (D:1)
  7 hobgoblins
  6 jackals
  2 kobolds
  4 quokkas
  3 ball pythons (D:1)
  3 bats
  2 frilled lizards (D:1)
  4 rats
48 creatures vanquished.

Notes
Turn   | Place    | Note
-------+----------+-------------------------------------------
     0 | Abyss:1  | xian the Hill Orc Abyssal Knight began the quest for the
                  | Orb.
     0 | Abyss:1  | Reached XP level 1. HP: 19/19 MP: 2/2
     2 | Abyss:1  | Found a corrupted altar of Lugonu.
     7 | D:1      | Escaped the Abyss
    99 | D:1      | Reached XP level 2. HP: 13/27 MP: 3/3
   342 | D:1      | Reached skill level 1 in Dodging
   387 | D:1      | Found a faded altar of an unknown god.
   608 | D:1      | Reached XP level 3. HP: 33/34 MP: 4/4
   710 | D:1      | Reached *** piety under Lugonu
  1099 | D:2      | Reached XP level 4. HP: 23/41 MP: 5/5
  1508 | D:2      | Noticed Terence
  1524 | D:2      | Killed Terence
  1915 | D:2      | Noticed Natasha
  1939 | D:2      | Slain by Natasha

Illustrated notes

Levels and vault maps discovered:
D:1:      dpeg_arrival_erosion, layout_basic, shapermc_ecumenical_altar_pompeii
D:2:      layout_rooms, serial_glass, glass_columns_b, glass_columns_a,
          glass_columns_a, glass_columns_a, uniq_natasha, uniq_terence

Skill      XL: |  1  2  3 |
---------------+----------+-----
Fighting       | 4 |  4.8
Dodging        | 1 |  1.1
Axes           | 3 4 |  4.5
Armour         | |  2.3
Stealth        | |  0.3
Invocations    | |  2.8

Action                   |  1- 3 |  4- 6 || total
-------------------------+-------+-------++-------
Melee: Hand axe          |    92 |    69 ||   161
Throw: Dart              |       |     3 ||     3
 Stab: Sleeping          |     1 |       ||     1
Armor: Leather armour    |    33 |    20 ||    53
Dodge: Dodged            |    79 |    49 ||   128
